 Dungeon Crawl Stone Soup version 0.26-a0-639-g72c4674 (webtiles) character file.

Game seed: 6079042857415987638

51 royokou the Firebug (level 3, -2/19 HPs)
             Began as a Gargoyle Fire Elementalist on Sept 15, 2020.
             Slain by Sigmund
             ... wielding a +0 scythe
              (5 damage)
             ... on level 2 of the Dungeon.
             The game lasted 00:10:55 (2095 turns).

royokou the Firebug (Gargoyle Fire Elementalist)    Turns: 2095, Time: 00:10:56

Health: -2/19      AC:  8    Str: 11    XL:     3   Next: 81%
Magic:  3/6        EV: 11    Int: 16    God:
Gold:   57         SH:  0    Dex: 10    Spells: 5/6 levels left

rFire    . . .     SeeInvis .   h - -1 spear (curse)
rCold    . . .     Faith    .   (no shield)
rNeg     + . .     Spirit   .   c - +0 leather armour
rPois    ∞         Reflect  .   n - +0 helmet (curse)
rElec    +         Harm     .   (no cloak)
rCorr    .         Rampage  .   d - +0 pair of gloves
MR       .....                  (no boots)
Stlth    +.........             (no amulet)
HPRegen  0.06/turn              (no ring)
MPRegen  0.10/turn              (no ring)

@: confused
A: negative energy resistance 1, electricity resistance, unbreathing,
petrification resistance, rot immunity, AC +3
a: no special abilities


You were on level 2 of the Dungeon.
You visited 1 branch of the dungeon, and saw 2 of its levels.

You collected 57 gold pieces.

Inventory:

Hand Weapons
 e - a +0 club
 g - a +0 whip
 h - a cursed -1 spear (weapon)
 i - a +0 dagger
Armour
 a - a +0 robe
 c - a +0 leather armour (worn)
 d - a +0 pair of gloves (worn)
 j - a +0 helmet
 n - a cursed +0 helmet (worn)
Jewellery
 f - an uncursed amulet of magic regeneration
 q - a cursed ring of teleportation {unknown}
Scrolls
 b - a scroll of teleportation {unknown}
 k - a scroll of remove curse {unknown}
 m - a scroll of noise {unknown}
 o - a scroll of amnesia {unknown}
 p - 2 scrolls of immolation {unknown}
Potions
 l - a potion of mutation {unknown}


   Skills:
 - Level 1.8 Dodging
 - Level 2.6 Stealth
 - Level 2.2 Spellcasting
 * Level 2.3 Conjurations
 * Level 3.5 Fire Magic


You had 5 spell levels left.
You knew the following spells:

 Your Spells              Type           Power        Failure   Level
a - Foxfire               Conj/Fire      ##..         8%          1

Your spell library contained the following spells:

 Spells                   Type           Power        Failure   Level
 Conjure Flame            Conj/Fire      ##......     24%         3
 Inner Flame              Hex/Fire       #.......     36%         3
 Sticky Flame             Conj/Fire      ##......     61%         4
 Fireball                 Conj/Fire      ##........   91%         5


Dungeon Overview and Level Annotations

Branches:
Dungeon (2/15)

Altars:

Annotations:
D:2 Sigmund


Innate Abilities, Weirdness & Mutations

You are resistant to torment.
Your stone body is resilient. (AC +3)
You are immune to poison.
You resist negative energy. (rN+)
You are resistant to electric shocks. (rElec)
You can survive without breathing.
You are immune to petrification.
You are immune to rotting.


Message History

The puff of flame hits you!
The foxfire hits something. x2
Casting: Foxfire (safe; 8% risk of failure)
Confirm with . or Enter, or press ? or * to list all spells.
You conjure some foxfire!
You are confused.
The foxfire hits something. x2
A magic dart appears from out of thin air!
The magic dart hits you.
* * * LOW HITPOINT WARNING * * *
You're too confused to move!
You are more confused.
A magic dart appears from out of thin air!
The magic dart hits you.
* * * LOW HITPOINT WARNING * * *
You bump into the rock wall.
You hear some strange, mumbled words.
Something tries to affect you, but you resist.
You bump into the rock wall.
Something hits you.
You die...

..##....######........###.#...#.#
..##....#.....................#.#
..'.....#.....................#.#
..##)####......####...........#.#
...#...........# ##.......###.#.#
...#......###### #........# #.#.#
<#.#......#### #.....##+###.#.#
.#.#.........#####.........##...#
.#.#............@#.........###..#
.#+#.###..........)........# #..#
.....###...#.........####'####..#
.....................#....#......
.....................'....#....>.
....#....#...........#....#......
#...######....########...........
##### #....# ###......... ######
#.........


There were no monsters in sight!

Vanquished Creatures
  2 adders (D:2)
  A leopard gecko (D:1)
  A ball python (D:1)
  4 bats
  9 goblins
  3 hobgoblins
  2 jackals (D:1)
  A frilled lizard (D:2)
  3 kobolds
  5 rats
31 creatures vanquished.

Vanquished Creatures (others)
  47 foxfires
47 creatures vanquished.

Grand Total: 78 creatures vanquished

Notes
Turn   | Place    | Note
-------+----------+-------------------------------------------
     0 | D:1      | royokou the Gargoyle Fire Elementalist began the quest for
                  | the Orb.
     0 | D:1      | Reached XP level 1. HP: 10/10 MP: 3/3
   222 | D:1      | Reached XP level 2. HP: 8/15 MP: 1/5
  1206 | D:2      | Reached XP level 3. HP: 19/19 MP: 6/6
  1404 | D:2      | Found a faded altar of an unknown god.
  1441 | D:2      | Noticed Sigmund
  2095 | D:2      | Slain by Sigmund

Illustrated notes

Levels and vault maps discovered:
D:1:      saegor_arrival_simple_e, layout_loops_ring, minmay_pentomino_v2
D:2:      layout_basic, chequers_ecumenical_altar_simple, uniq_sigmund

Skill      XL: |  1  2  3 |
---------------+----------+-----
Conjurations   | 2 |  2.3
Dodging        | |  1.8
Stealth        | |  2.6
Spellcasting   | |  2.2
Fire Magic     | |  3.5

Action                   || total
-------------------------++-------
Melee: Unarmed           ||    41
       Spear             ||    89
       Club              ||     7
 Cast: Foxfire           ||    29
 Stab: Sleeping          ||     2
Armor: Leather armour    ||    84
Dodge: Dodged            ||    90

Table legend: (Time is in decaauts)
 A = Elapsed time spent in this place.
 B = Non-inter-level travel time spent in this place.
 C = Inter-level travel time spent in this place.
 D = Time resting spent in this place.
 E = Time spent auto-exploring this place.
 F = Levels seen in this place.
 G = Mean time per level.
                   A        B        C        D        E       F      G
               +--------+--------+--------+--------+--------+-----+--------+
         Total |   2105 |   2097 |      8 |    404 |   1209 |   2 | 1052.5 |
       Dungeon |   2105 |   2097 |      8 |    404 |   1209 |   2 | 1052.5 |
               +--------+--------+--------+--------+--------+-----+--------+

Top non-repeatable levels by time:
     D:1: 1278 daAuts
     D:2: 827 daAuts
